 Dungeon Crawl Stone Soup version 0.25-a0-1119-g28b6fd0c3b (webtiles) character file.

Game seed: 18041493569274227309, levelgen mode: deterministic

16433 Gumption the Spear-Bearer (level 12, -1/145 HPs)
             Began as a Merfolk Gladiator on May 17, 2020.
             Was an Elder of Yredelemnul.
             Slain by a porcupine (11 damage)
             ... on level 3 of the Lair of Beasts on May 18, 2020.
             The game lasted 02:42:02 (14837 turns).

Gumption the Spear-Bearer (Merfolk Gladiator)      Turns: 14837, Time: 02:42:02

Health: -1/145     AC: 16    Str: 19    XL:     12   Next: 37%
Magic:  18/18      EV: 12    Int:  7    God:    Yredelemnul [****..]
Gold:   767        SH: 19    Dex: 16    Spells: 11/11 levels left

rFire    + . .     SeeInvis .   a - +1 trident
rCold    + . .     Gourm    .   w - +2 tower shield {rF+}
rNeg     . . .     Faith    .   E - +0 troll leather armour
rPois    +         Spirit   .   o - +2 helmet
rElec    .         Reflect  .   S - +1 cloak {rPois}
rCorr    .         Harm     .   x - +1 pair of gloves
MR       .....                  Z - +0 pair of boots
Stlth    ..........             (no amulet)
HPRegen  0.74/turn              f - +4 ring of protection
MPRegen  0.16/turn              s - ring of protection from cold

@: berserking, very slightly contaminated, very quick
A: change form in water, swift swim, stealthy swim
a: Recall Undead Slaves, Injury Mirror, Animate Dead, Drain Life, Renounce
Religion


You were on level 3 of the Lair of Beasts.
You worshipped Yredelemnul.
Yredelemnul was greatly pleased with you.
You were hungry.

You visited 3 branches of the dungeon, and saw 14 of its levels.

You collected 767 gold pieces.

Inventory:

Hand Weapons
 a - a +1 trident (weapon)
Missiles
 i - 51 poisoned darts
 u - a throwing net
 A - 5 silver boomerangs
 Q - 2 datura-tipped darts
 R - 4 atropa-tipped darts
 U - 5 curare-tipped darts (quivered)
 V - 7 javelins
Armour
 c - a +0 scale mail
 o - a +2 helmet (worn)
 w - a +2 tower shield of fire resistance (worn)
 x - a +1 pair of gloves (worn)
 E - a +0 troll leather armour (worn)
 H - +0 steam dragon scales
 J - a scarf of repulsion
 S - a +1 cloak of poison resistance (worn)
 Z - a +0 pair of boots (worn)
Jewellery
 f - a +4 ring of protection (left hand)
 p - an uncursed ring of poison resistance
 s - a ring of protection from cold (right hand)
 G - an uncursed ring of wizardry
 W - an uncursed ring of ice
Wands
 q - a wand of random effects (13)
 y - a wand of paralysis (3)
 K - a wand of disintegration (32)
 Y - a wand of flame (12)
Scrolls
 h - 3 scrolls of enchant armour
 j - a scroll of fog
 k - a scroll of blinking
 m - 2 scrolls of remove curse
 r - a scroll of teleportation
 v - a scroll of enchant weapon
 B - 3 scrolls of immolation
 C - 2 scrolls of fear
 O - 6 scrolls of identify
 T - a scroll of magic mapping
Potions
 b - a potion of haste
 d - 2 potions of lignification
 g - 5 potions of curing
 l - 3 potions of might
 t - 3 potions of flight
 z - a potion of brilliance
 F - a potion of cancellation
 I - a potion of magic
 L - a potion of resistance
 N - a potion of ambrosia
 P - 2 potions of invisibility
Miscellaneous
 X - a lightning rod (4/4)
Comestibles
 e - 28 rations


   Skills:
 + Level 9.7 Fighting
 - Level 14.0 Polearms
 - Level 8.0 Throwing
 - Level 6.0 Dodging
 * Level 9.7 Shields
 + Level 8.9 Invocations


You had 11 spell levels left.
You didn't know any spells.
Your spell library contained the following spells:

 Spells                   Type           Power        Failure   Level  Hunger
 Beastly Appendage        Tmut           #.....       99%         1    ##.....
 Summon Butterflies       Summ           #.......     99%         1    ##.....
 Sticks to Snakes         Tmut           #.......     99%         2    ###....
 Sublimation of Blood     Necr           #.........   99%         2    ###....
 Call Canine Familiar     Summ           #.......     100%        3    ####...
 Ignite Poison            Fire/Tmut/Pois #.......     100%        3    ####...
 Spider Form              Tmut/Pois      #.........   100%        3    ####...
 Ice Form                 Ice/Tmut       #.......     100%        4    #####..
 Petrify                  Tmut/Erth      #.......     100%        4    #####..
 Summon Ice Beast         Ice/Summ       #.......     100%        4    #####..
 Alistair's Intoxication  Tmut/Pois      #.......     100%        5    ######.
 Blade Hands              Tmut           #.........   100%        5    ######.
 Irradiate                Conj/Tmut      #.........   100%        5    ######.
 Summon Mana Viper        Hex/Summ       #.......     100%        5    ######.
 Eringya's Noxious Bog    Tmut/Pois      #.........   100%        6    #######
 Summon Hydra             Summ           #.........   100%        7    #######


Dungeon Overview and Level Annotations

Branches:
Dungeon (10/15)            Temple (1/1) D:5            Lair (3/6) D:9
 Shoals (0/4) Lair:2
  Snake: Lair:2-4    Spider: Lair:2-4       Orc: D:9-12

Altars:
Ashenzari
Cheibriados
Dithmenos
Elyvilon
Fedhas
Gozag
Hepliaklqana
Kikubaaqudgha
Makhleb
Nemelex Xobeh
Okawaru
Qazlal
Ru
Sif Muna
Trog
Uskayaw
Vehumet
Wu Jian
Xom
Yredelemnul
Zin
The Shining One
Jiyva

Annotations:
D:6 3 runed translucent doors, RamboRex's ghost, amateur MiBe; feta's ghost, novice TeFE; marsu's ghost, novice TeCj
Lair:1 1 runed translucent door, Zaennulo's ghost, journeyman DsWz
Lair:3 Snorg


Message History

Snorg is almost dead.
You block Snorg's attack. Snorg closely misses you. You block Snorg's attack.
The porcupine bites you.
* * * LOW HITPOINT WARNING * * *
You barely miss Snorg.
Snorg is almost dead.
Snorg misses you. You block Snorg's attack. Snorg barely misses you.
Blink to where?
Press: ? - help, Dir - move target cursor, p - Snorg You are very lightly contaminated with residual magic.
As you read the scroll of blinking, it crumbles to dust.
Press: ? - help, v - describe, . - travel
Here: Snorg (almost dead, berserk, poisoned)
The floor.
A red film seems to cover your vision as you go berserk!
You feel yourself moving faster!
You feel mighty!
Snorg is no longer berserk.
You block Snorg's attack. Snorg closely misses you. Snorg misses you.
The porcupine bites you!
You die...
Your body rises from the dead as a mindless zombie.

. #..# .#######.Y# ....
.P#.#..P.Y## ....
...........###### .....
..........##P##.###.....
........................
......[....YY...........
......=......lYY........
...............T@.......
...............r........
.#..#..####.#.#.#P###.#.
###...## ####.#### #####
###


You could see Snorg (poisoned, slow), a komodo dragon, 4 yaks and a porcupine.

Vanquished Creatures
  A hydra (D:8)
  Sonja (D:10)
  2 unseen horrors (D:10)
  A wizard (D:8)
  An ugly thing (D:9)
  4 spiny frogs
  Maggie (D:9)
  A gargoyle (D:8)
  A rime drake (Lair:1)
  2 komodo dragons
  2 freezing wraiths (D:9)
  A troll (D:8)
  Grinder (D:3)
  A snapping turtle (Lair:2)
  A hippogriff (D:8)
  21 yaks
  A wyvern (Lair:2)
  A basilisk (Lair:2)
  A soldier ant (D:8)
  A warg (D:8)
  3 water moccasins
  3 porcupines
  2 orc warriors
  2 phantoms
  A sky beast (D:6)
  3 ice beasts
  2 black bears
  A necrophage (D:9)
  A centaur (D:10)
  3 wolves (Lair:3)
  5 crocodiles
  4 big kobolds
  4 bullfrogs
  3 scorpions
  2 killer bees (D:8)
  7 wights
  4 crimson imps
  2 jellies (D:6)
  4 hounds
  3 orc priests
  5 orc wizards
  2 bullfrog skeletons
  2 iguanas
  2 worker ants
  A hound skeleton (D:6)
  2 howler monkey zombies
  11 adders
  2 gnolls (D:6)
  A howler monkey skeleton (D:5)
  A shadow imp (D:6)
  2 oozes
  An adder zombie (D:8)
  6 worms
  A leopard gecko (D:4)
  25 orcs
  2 ball pythons
  10 bats
  5 giant cockroaches
  2 gnoll zombies (D:2)
  5 goblins
  7 hobgoblins
  15 jackals
  5 quokkas
  9 frilled lizards
  14 kobolds
  A leopard gecko skeleton (D:7)
  4 rats
  A fungus (Lair:1)
249 creatures vanquished.

Vanquished Creatures (collateral kills)
  A two-headed ogre (D:8)
  A black mamba (Lair:1)
  A spiny frog (Lair:2)
  A komodo dragon (Lair:2)
  A polar bear (Lair:1)
  2 dream sheep (D:8)
  5 yaks
  A hungry ghost (D:8)
  A water moccasin (Lair:1)
  A warg (D:8)
  A porcupine (Lair:1)
  An orc warrior (D:8)
  2 black bears
  2 necrophages
  2 phantoms
  2 ogres (D:9)
  A wolf (Lair:2)
  2 crocodiles (Lair:1)
  2 big kobolds (D:8)
  3 bullfrogs
  2 scorpions
  3 killer bees (D:8)
  2 wights (D:9)
  A howler monkey (D:6)
  A bullfrog zombie (D:9)
  2 orc priests (D:7)
  3 orc wizards
  2 iguanas
  2 gnolls (D:6)
  A leopard gecko (D:8)
  3 orcs
  3 kobolds
  3 fungi
  2 plants (D:8)
63 creatures vanquished.

Vanquished Creatures (others)
  An ugly thing zombie (D:9)
  4 flying skulls
  A human skeleton (D:8)
  2 spiny frog zombies
  A dream sheep skeleton (D:8)
  A komodo dragon zombie (Lair:1)
  2 water moccasin zombies
  6 yak zombies
  2 wights (D:9)
  2 yak skeletons
  4 bullfrog zombies
  A basilisk zombie (Lair:2)
  A porcupine zombie (Lair:2)
  A killer bee zombie (D:8)
  2 crocodile zombies
  A human zombie (D:9)
  A big kobold zombie (D:8)
  A crocodile skeleton (Lair:2)
  A mummy (Lair:1)
  An adder zombie (D:6)
  An iguana zombie (D:9)
  2 jackal skeletons (D:6)
  4 jackal zombies
  2 kobold zombies
  5 orc zombies
  2 fungi
  A plant (D:3)
  A withered plant (D:6)
54 creatures vanquished.

Grand Total: 366 creatures vanquished

Notes
Turn   | Place    | Note
-------+----------+-------------------------------------------
     0 | D:1      | Gumption the Merfolk Gladiator began the quest for the Orb.
     0 | D:1      | Reached XP level 1. HP: 16/16 MP: 1/1
   329 | D:1      | Reached XP level 2. HP: 23/23 MP: 2/2
   495 | D:1      | Reached skill level 5 in Polearms
  1021 | D:2      | Found a basalt altar of Yredelemnul.
  1031 | D:2      | Became a worshipper of Yredelemnul the Dark
  1045 | D:2      | Reached XP level 3. HP: 19/28 MP: 3/3
  1555 | D:2      | Reached XP level 4. HP: 34/34 MP: 4/4
  1680 | D:2      | Found a hazy altar of Hepliaklqana.
  2304 | D:3      | Reached skill level 6 in Polearms
  2304 | D:3      | Reached XP level 5. HP: 41/41 MP: 5/5
  2635 | D:3      | Reached * piety under Yredelemnul
  2711 | D:3      | Noticed Grinder
  2728 | D:3      | Paralysed by Grinder for 5 turns
  2743 | D:3      | Killed Grinder
  2743 | D:3      | Reached skill level 7 in Polearms
  2743 | D:3      | Reached skill level 5 in Dodging
  2743 | D:3      | Reached XP level 6. HP: 24/48 MP: 6/6
  4328 | D:4      | Found a hide-covered altar of Uskayaw.
  4531 | D:4      | Found a blossoming altar of Fedhas.
  4571 | D:5      | Entered Level 5 of the Dungeon
  4596 | D:4      | Reached skill level 1 in Invocations
  4596 | D:4      | Reached XP level 7. HP: 36/54 MP: 7/7
  4698 | D:5      | Reached skill level 8 in Polearms
  4784 | D:5      | Noticed an air elemental
  4786 | D:5      | Found a stormy altar of Qazlal.
  4792 | D:5      | Noticed a fire elemental
  4792 | D:5      | Noticed a water elemental
  4824 | D:5      | Found a sparkling altar of Nemelex Xobeh.
  4828 | D:5      | You fall into a shaft and drop 3 floors!
  4884 | D:8      | Reached skill level 1 in Shields
  4958 | D:8      | Noticed a hippogriff
  4970 | D:8      | Killed a hippogriff
  4970 | D:8      | Reached skill level 9 in Polearms
  4970 | D:8      | Reached XP level 8. HP: 53/61 MP: 9/9
  5241 | D:6      | Reached ** piety under Yredelemnul
  5745 | D:5      | Found a staircase to the Ecumenical Temple.
  5753 | Temple   | Entered the Ecumenical Temple
  5957 | D:5      | Reached skill level 5 in Fighting
  6284 | D:6      | Found a runed translucent gate.
  6286 | D:6      | Found a runed translucent gate.
  6286 | D:6      | Noticed feta's ghost (novice TeFE)
  6286 | D:6      | Noticed marsu's ghost (novice TeCj)
  6287 | D:6      | Found a runed translucent gate.
  6287 | D:6      | Noticed RamboRex's ghost (amateur MiBe)
  6362 | D:6      | Reached skill level 10 in Polearms
  6611 | D:6      | Found a burning altar of Makhleb.
  6661 | D:6      | Reached XP level 9. HP: 47/68 MP: 11/11
  6916 | D:6      | Found an ancient bone altar of Kikubaaqudgha.
  6985 | D:6      | Reached skill level 5 in Throwing
  7522 | D:7      | Reached skill level 11 in Polearms
  7523 | D:7      | Reached *** piety under Yredelemnul
  7826 | D:7      | Received a gift from Yredelemnul (4 flying skulls)
  8027 | D:8      | Got a crude robe
  8043 | D:8      | Noticed a two-headed ogre
  8054 | D:8      | Killed a two-headed ogre
  8092 | D:8      | Identified the +2 robe of Utwomuam {*Corrode Str+8 Dex+4}
                  | (You found it on level 8 of the Dungeon)
  8304 | D:8      | Reached skill level 12 in Polearms
  8304 | D:8      | Reached skill level 5 in Invocations
  8423 | D:8      | Found a sacrificial altar of Ru.
  8431 | D:8      | Reached XP level 10. HP: 77/77 MP: 13/13
  8436 | D:8      | Found a white marble altar of Elyvilon.
  8441 | D:8      | Found a shadowy altar of Dithmenos.
  8714 | D:8      | Noticed a three-headed hydra
  8728 | D:8      | Killed a three-headed hydra
  8825 | D:9      | Noticed a gargoyle
  8827 | D:9      | Found a staircase to the Lair.
  8850 | D:8      | Killed a gargoyle
  9202 | D:9      | Found a blossoming altar of Fedhas.
  9230 | D:9      | Reached skill level 5 in Shields
  9354 | D:9      | Found a glowing golden altar of the Shining One.
  9400 | D:9      | Noticed a wizard
  9416 | D:9      | Noticed Maggie
  9421 | D:9      | Reached skill level 13 in Polearms
  9777 | D:9      | Received a gift from Yredelemnul (a wight)
 10148 | D:8      | Killed a wizard
 10159 | D:8      | Upgraded the game from 0.25-a0-1118-g1a081956a1 to
                  | 0.25-a0-1119-g28b6fd0c3b
 10315 | D:9      | Found an iron altar of Okawaru.
 10719 | D:9      | Killed Maggie
 10719 | D:9      | Reached XP level 11. HP: 84/84 MP: 15/15
 10904 | D:9      | Noticed a brown ugly thing
 10915 | D:9      | Killed a brown ugly thing
 10915 | D:9      | Reached skill level 14 in Polearms
 10926 | D:9      | Received a gift from Yredelemnul (a wight)
 11223 | D:9      | Noticed a fire giant
 11256 | D:9      | HP: 2/86 [fire giant/bolt of fire (20)]
 11257 | D:9      | Your ally Maggie died
 11271 | D:9      | HP: 3/86 [fire giant/fireball (17)]
 11534 | D:10     | Entered Level 10 of the Dungeon
 11601 | D:10     | Reached **** piety under Yredelemnul
 11627 | D:10     | Killed an unseen horror
 11749 | D:10     | Noticed Sonja
 11775 | D:10     | Killed Sonja
 12050 | D:10     | Killed an unseen horror
 12518 | Lair:1   | Entered Level 1 of the Lair of Beasts
 12653 | Lair:1   | Received a gift from Yredelemnul (a mummy)
 12793 | Lair:1   | Found a runed translucent door.
 12793 | Lair:1   | Found a shimmering altar of Xom.
 12793 | Lair:1   | Noticed Zaennulo's ghost (journeyman DsWz)
 12794 | Lair:1   | Noticed a +1 scimitar of chaos
 13153 | Lair:1   | Reached XP level 12. HP: 95/95 MP: 18/18
 13688 | Lair:2   | Found a staircase to the Shoals.
 14798 | Lair:3   | Noticed Snorg
 14837 | Lair:3   | Slain by a porcupine

Illustrated notes

Levels and vault maps discovered:
D:1:      zelgadis_glass_arrival_small, layout_basic
D:2:      layout_basic, lemuel_zombie_altar_yredelemnul, marbit_many_paths,
          first_ration
D:3:      layout_basic, chequers_big_river, st_stairs_8, minmay_misc_feat_doors,
          uniq_grinder
D:4:      layout_cave_pools, kennysheep_mini, nicolae_overflow_hidden_temple
D:5:      layout_gridville, nemelex_xobeh_ov_fountains_minmay, temple_statues,
          nicolae_qazlal_style_of_elements
D:6:      layout_loops_ring, makhleb_grotto_becter, kiku_gazebo_pond_becter,
          gammafunk_ghost_cemetery
D:7:      layout_cave_pools
D:8:      layout_loops_ring, minitemple, hangedman_ranch
          [blue_anna_fruit_fields]
D:9:      minmay_chopped_fan, layout_basic, kennysheep_mini_moat,
          erik_lair_orcish_takeover, basic_altar, fedhas_ov_isle_minmay,
          uniq_maggie
D:10:     layout_loops_ring, uniq_sonja
Temple:   pf_slime_end_temple
Lair:1:   layout_chaotic_city, ebering_ghost_xom, gammafunk_lair_bear_cave,
          grunt_megastairs_5
Lair:2:   layout_cave_pods, minmay_shoals_entry_hut
Lair:3:   layout_chaotic_city, guppyfry_snake_entry_island, serial_rivers,
          chequers_serial_rivers_micro_d, chequers_serial_rivers_micro_c,
          chequers_serial_rivers_room_a, chequers_serial_rivers_small_b,
          uniq_gastronok, uniq_snorg

Skill      XL: |  1  2  3  4  5  6  7  8  9 10 11 12 |
---------------+-------------------------------------+-----
Polearms       | 5 6 7 9 10 12 13 14 | 14.0
Fighting       | 3 4 5 6 7 9 |  9.7
Throwing       | 3 4 6 7 8 |  8.0
Dodging        | 5 6 |  6.0
Invocations    | 1 2 3 5 6 8 |  8.9
Shields        | 1 2 4 5 8 9 |  9.7

Action                   |  1- 3 |  4- 6 |  7- 9 | 10-12 || total
-------------------------+-------+-------+-------+-------++-------
Melee: Trident           |   122 |   187 |   355 |   714 ||  1378
       Tailslap          |       |       |       |     5 ||     5
Throw: Javelin           |     3 |    12 |       |    12 ||    27
       Dart              |     3 |     9 |       |    14 ||    26
       Throwing net      |       |     3 |       |       ||     3
       Boomerang         |       |       |    18 |    10 ||    28
Invok: Animate Remains   |       |       |    13 |       ||    13
       Animate Dead      |       |       |     5 |    44 ||    49
       Recall Undead Sla |       |       |       |     1 ||     1
Evoke: Wand              |       |       |     3 |     3 ||     6
  Use: Scroll            |     3 |    10 |    10 |     8 ||    31
       Potion            |       |       |     1 |     4 ||     5
 Stab: Held in net/web   |       |     2 |       |       ||     2
       Sleeping          |       |     2 |       |       ||     2
       Paralysed         |       |       |    12 |     5 ||    17
       Distracted        |       |       |     4 |     6 ||    10
       Invisible         |       |       |       |     2 ||     2
  Eat: Chunk             |     2 |     9 |    13 |    19 ||    43
       Ration            |       |       |     2 |     5 ||     7
Armor: Leather armour    |    33 |    19 |       |       ||    52
       Ring mail         |       |    10 |    61 |    22 ||    93
       Troll leather arm |       |       |       |    88 ||    88
Dodge: Dodged            |    74 |    93 |    63 |   114 ||   344
       Repelled          |       |       |     2 |     1 ||     3
Block: Tower shield      |       |       |   178 |   388 ||   566

Table legend:
 A = Non-vault XP
 B = Vault XP
 C = Vault XP percentage of total XP
 D = Non-vault monster count
 E = Vault monster count
 F = Vault count percentage of total count
                 A         B        C        D         E       F
            +---------+---------+-------+---------+---------+-------
      Total |   16404 |    7073 |  30.1 |     264 |      42 |  13.7
            +---------+---------+-------+---------+---------+-------
        D:1 |      23 |       0 |   0.0 |      13 |       0 |   0.0
        D:2 |      87 |       4 |   4.4 |      27 |       3 |  10.0
        D:3 |     117 |     281 |  70.6 |      26 |       1 |   3.7
        D:4 |     200 |       0 |   0.0 |      10 |       0 |   0.0
        D:5 |     265 |       0 |   0.0 |      17 |       0 |   0.0
        D:6 |     904 |      11 |   1.2 |      32 |       1 |   3.0
        D:7 |     692 |       0 |   0.0 |      22 |       0 |   0.0
        D:8 |    2149 |    2421 |  53.0 |      26 |      16 |  38.1
        D:9 |    2151 |    1579 |  42.3 |      30 |       9 |  23.1
       D:10 |    3149 |     747 |  19.2 |      21 |       1 |   4.5
     Lair:1 |    2101 |    1813 |  46.3 |      13 |      10 |  43.5
     Lair:2 |    3353 |     217 |   6.1 |      19 |       1 |   5.0
     Lair:3 |    1213 |       0 |   0.0 |       8 |       0 |   0.0
            +---------+---------+-------+---------+---------+-------
